 Dungeon Crawl Stone Soup version 0.32-a0-933-ga8fa363 (webtiles) character file.

Game seed: 11253363973576415837

1933227 sekai the Slayer (level 26, 336/336 HPs)
             Began as a Red Draconian Berserker on Apr 14, 2024.
             Was the Champion of Trog.
             Escaped with the Orb
             ... and 3 runes!
             The game lasted 02:42:26 (52465 turns).

sekai the Slayer (Red Draconian Berserker)         Turns: 52465, Time: 02:42:27

Health: 336/336    AC: 38    Str: 31    XL:     26   Next: 49%
Magic:  29/29      EV: 19    Int:  8    God:    Trog [******]
Gold:   4624       SH: 25    Dex: 13    Spells: 25/25 levels left

rFire   + +          .
                       - Unarmed
rCold   + . .        O - +7 tower shield
rNeg    + + +        (body armour unavailable)
rPois   ∞            X - +2 hat of the Bear Spirit {Spirit, Bear, *Rage Will++}
rElec   +            q - +2 ratskin cloak {*Rats rPois rN+ Str-1 Int-1 Dex+1}
rCorr   +            p - melded +0 pair of gloves "Bixec" {rF+ Regen+}
SInv    .            e - melded +0 pair of boots {Stlth+}
Will    +++..        Z - amulet of regeneration
Stlth   +            N - ring "Sutzum" {Fly rF++ rCorr MP+9 Dex-2}
HPRegen 1.56/turn    k - ring of Paat {Ice rN+ Str+5 Stlth+}
MPRegen 0.21/turn

%: clarity, guardian spirit
@: statue-form, flying, studying 2 skills, very slow
A: slow and powerful, torment resistance 1, boosted hp, (combustion breath), AC
+12, unfitting armour, fire resistance 1, cold-blooded, horns 1, clarity,
deterioration 2, low MP 1, poison resistance
0: Orb of Zot
}: 3/15 runes: barnacled, silver, gossamer
a: Begin Untransformation, Renounce Religion, Berserk, Trog's Hand, Brothers in
Arms


You escaped.
You worshipped Trog.
Trog was exalted by your worship.
You were a living statue of rough stone.
You visited 9 branches of the dungeon, and saw 47 of its levels.
You also visited: Ossuary, Ice Cave, Volcano and Wizlab.

You collected 7404 gold pieces.
You spent 2780 gold pieces at shops.

Inventory:

Hand Weapons
 a - the +7 scimitar "Fasat" {flame, Dex+2}
   (Trog gifted it to you in an ice cave)

   Dex+2:     It affects your dexterity (+2).
Missiles
 y - 23 javelins
 I - 5 curare-tipped darts {!f}
 K - 4 throwing nets {!f}
 L - 8 silver javelins
Armour
 e - a +0 pair of boots of stealth (melded)
 p - the +0 pair of gloves "Bixec" (melded) {rF+ Regen+}
   (You acquired it on level 2 of the Dungeon)

   rF+:       It protects you from fire.
   Regen+:    It increases your rate of health regeneration.
 q - the +2 ratskin cloak (worn) {*Rats rPois rN+ Str-1 Int-1 Dex+1}
   (You acquired it on level 2 of the Dungeon)

   *Rats:     When the wearer is hurt, rats may emerge from it to assist them.
   Str-1:     It affects your strength (-1).
   Int-1:     It affects your intelligence (-1).
   Dex+1:     It affects your dexterity (+1).
   rPois:     It protects you from poison.
   rN+:       It protects you from negative energy.
 B - a +1 hat of willpower
 O - a +7 tower shield (worn)
 X - the +2 hat of the Bear Spirit (worn) {Spirit, Bear, *Rage Will++}
   (You found it on level 3 of the Elven Halls)

   Bear:      Going berserk makes the wearer exceptionally tough, and they are
   slowed for a shorter time afterward.
   Will++:    It greatly increases your willpower.
   *Rage:     It berserks you when you make melee attacks (+20% chance).
Jewellery
 f - a ring of see invisible
 k - the ring of Paat (right fist) {Ice rN+ Str+5 Stlth+}
   (You acquired it on level 2 of the Dungeon)

   [ring of ice]

   Ice:       It enhances your ice magic.
   Str+5:     It affects your strength (+5).
   rF-:       It makes you vulnerable to fire.
   rC+:       It protects you from cold.
   rN+:       It protects you from negative energy.
   Stlth+:    It makes you more stealthy.
 w - the ring of No Interval {rCorr Str+4}
   (You found it on level 5 of the Dungeon)

   [ring of resist corrosion]

   Str+4:     It affects your strength (+4).
   rCorr:     It protects you from acid and corrosion.
 N - the ring "Sutzum" (left fist) {Fly rF++ rCorr MP+9 Dex-2}
   (You took it off a deep elf zephyrmancer on level 3 of the Elven Halls)

   [ring of flight]

   Dex-2:     It affects your dexterity (-2).
   rF++:      It greatly protects you from fire.
   MP+9:      It affects your magic capacity (+9).
   Fly:       It grants you flight.
   rCorr:     It protects you from acid and corrosion.
 R - a ring of protection from fire
 U - the ring "Diczurri" {rElec rC- Int+5 Slay+3 SInv}
   (You bought it in a shop on level 10 of the Dungeon)

   [ring of see invisible]

   Int+5:     It affects your intelligence (+5).
   Slay+3:    It affects your accuracy & damage with ranged weapons and melee
   (+3).
   rC-:       It makes you vulnerable to cold.
   rElec:     It insulates you from electricity.
   SInv:      It lets you see invisible.
 Y - a ring of protection from cold
 Z - an amulet of regeneration (around neck)
Talismans
 J - a granite talisman (active)
Wands
 h - a wand of digging (4) (quivered)
 x - a wand of light (59)
 A - a wand of warping (41)
Scrolls
 g - 3 scrolls of torment
 l - 14 scrolls of teleportation
 m - 7 scrolls of enchant weapon
 t - 2 scrolls of poison
 v - 2 scrolls of revelation
 z - 9 scrolls of fear
 M - 3 scrolls of silence
 Q - a scroll of blinking
 S - 3 scrolls of butterflies
 T - 7 scrolls of immolation
 W - 4 scrolls of fog
Potions
 b - 12 potions of resistance
 c - 6 potions of cancellation
 d - 13 potions of brilliance
 i - 24 potions of curing
 j - 7 potions of mutation
 o - 11 potions of heal wounds
 r - 6 potions of ambrosia
 u - 3 potions of invisibility
 C - 7 potions of enlightenment
 E - 5 potions of magic
 F - 7 potions of might
 G - 5 potions of haste
 H - 5 potions of attraction
 P - 3 potions of berserk rage
 V - 9 potions of lignification
Miscellaneous
 n - a phantom mirror
 s - a sack of spiders
 D - a Gell's gravitambourine (2/2)


   Skills:
 + Level 25.5 Fighting
 + Level 19.1 Dodging
 + Level 15.1 Shields
 + Level 23.7 Unarmed Combat
 + Level 15.8 Evocations
 + Level 21.0 Shapeshifting


You had 25 spell levels left.
You didn't know any spells.
Your spell library contained the following spells:

 Spells                   Type           Power      Damage    Failure   Level
 Petrify                  Alch/Erth      0%         N/A       100%        4
 Irradiate                Conj/Alch      0%         3d11      100%        5
 Sublimation of Blood     Necr           Unusable   N/A       N/A         2

Dungeon Overview and Level Annotations

Branches:
Dungeon (15/15)            Temple (0/1) D:6            Lair (5/5) D:8
 Shoals (4/4) Lair:3       Spider (4/4) Lair:2        Slime (0/5) Lair:4
    Orc (2/2) D:12            Elf (3/3) Orc:2        Vaults (5/5) D:13
  Crypt (0/3) Vaults:2     Depths (4/4) D:15            Zot (5/5) Depths:4
Ossuary (visited)           IceCv (visited)         Volcano (visited)
 WizLab (visited)

Altars:
Ashenzari
Cheibriados
Elyvilon
Fedhas
Kikubaaqudgha
Okawaru
Trog
Uskayaw
Wu Jian
Yredelemnul
Zin
The Shining One
Jiyva

Shops:
D:10 *(*   D:12 ([   Orc:1 !   Orc:2 ??!(   Elf:1 *   Vaults:1 :   Vaults:2 !
Vaults:4 (((*?[   Vaults:5 (

Portals:
Hell: Depths:1 Depths:2 Depths:3 Depths:4
Abyss: Depths:2 Depths:3 Depths:4
Pandemonium: Depths:2
Ziggurat: Depths:1
Trove: Depths:4 (give 14 potions of heal wounds)

Annotations:
Spider:1 2 transporters, exclusion: orange crystal statue
Orc:2 3 runed translucent doors, bochi's ghost, adept OnBe
Zot:2 2 transporters, exclusion: obsidian statue


Innate Abilities, Weirdness & Mutations

You are a living statue of rough stone.
Your actions are slow, but your melee attacks are powerful.
You are resistant to unholy torment.
Your maximum health is greatly increased.
Your equipment is partially melded.
((You can breathe blasts of explosive embers.))
((Your fiery red scales are hard. (AC +12)))
You cannot fit into any form of body armour.
You are immune to poison.
Your flesh is heat resistant. (rF+)
You are cold-blooded and may be slowed by cold attacks.
You have a pair of small horns on your head.
You possess an exceptional clarity of mind.
Your body often deteriorates upon taking damage.
Your magical capacity is low. (-10% MP)
Your system is resistant to poisons. (rPois)


Message History

There is a stone staircase leading up here.
You fly upwards.
There is a stone staircase leading down here.
There are no items here.
Aiming: Dig
Press: ? - help, Q - select action, (/) - cycle Shift-Dir - straight line, f - you Please select a direction to dig.
This square is covered in magical glow.
Okay, then.
Unknown command.
Aiming: Dig
Press: ? - help, Q - select action, (/) - cycle Shift-Dir - straight line A rock wall.
This square is covered in magical glow.
The rock shatters into small pieces.
There is a stone staircase leading up here.
You fly upwards.
There is a stone staircase leading down here.
There is a stone staircase leading up here.
You fly upwards.
There is a stone staircase leading down here.
Aiming: Dig
Press: ? - help, Q - select action, (/) - cycle Shift-Dir - straight line A rock wall.
This square is covered in magical glow.
The rock shatters into small pieces.
Aiming: Dig
Press: ? - help, Q - select action, (/) - cycle Shift-Dir - straight line A rock wall.
This square is covered in magical glow.
The rock shatters into small pieces.
A sun demon comes into view.
You closely miss the sun demon. You block the sun demon's attack. x2
You squash the sun demon like an ant!!!
You kill the sun demon!
Trog accepts your kill.
No target in view!
There is a staircase leading out of the dungeon here.
You can't go down here!
You have escaped!

.###..........## ##........# #
## #.##..###############...#
#### # #.##..# ##.......##
#..####... ##
#.....###.........###.....÷.##
.#####...##.........[.##....####
.....##..#.............#..#.##
####÷...##.............##....###
##
#...#.#.............#.#.....##
.#
#..#.........I.........#..#...
.#
##..#...............#.#..#####
.#####...#.............##..##
.........#.............#...# #
.#####..3##...........##...# ##
.# #...###.........###...# ##.
.# #...# ##.......## #...# #..
.# #...###############...# #..
.# #........## ##........## #..


There were no monsters in sight!

Vanquished Creatures
  5 orbs of fire (Zot:5)
  6 dread liches
  4 ancient liches
  Saint Roka (Vaults:4)
  6 Killer Klowns
  Margery (Vaults:4)
  4 curse toes
  A pandemonium lord (Depths:1)
  10 golden dragons
  2 Brimstone Fiends
  3 electric golems
  Jorgrun (Spider:3)
  2 hellephants
  2 Tzitzimimeh
  10 tentacled monstrosities
  3 Hell Sentinels
  Mlioglotl (Spider:1)
  5 liches
  33 Orb Guardians
  2 walking frostbound tomes
  A walking earthen tome (Depths:3)
  A walking crystal tome (Depths:4)
  3 deep elf master archers (Elf:3)
  6 titans
  2 Executioners
  8 sphinxes
  7 quicksilver dragons
  7 death cobs
  6 krakens
  3 deep elf blademasters
  Kirke (Elf:1)
  Frances (Shoals:2)
  9 tengu reavers
  19 storm dragons
  13 shadow dragons
  Aizul (Spider:2)
  7 fire giants
  6 draconian monks
  4 protean progenitors
  4 draconian shifters
  Donald (Spider:4)
  14 vault wardens
  4 balrugs
  3 draconian knights
  2 emperor scorpions
  12 deep elf sorcerers
  An iron dragon (shapeshifter) (Depths:2)
  8 frost giants
  A deep elf elementalist (Elf:3)
  An angel (D:12)
  3 ghost moths
  4 draconian scorchers
  2 cacodemons (Zot:1)
  2 ghouls
  3 draconian annihilators
  6 draconian stormcallers
  2 demonspawn corrupters (Depths:3)
  3 orc warlords
  21 ironbound preservers
  4 spectral caustic shrikes (Depths:3)
  3 formless jellyfish
  2 broodmothers
  4 very ugly things
  11 stone giants
  2 spriggan defenders
  2 vampire knights (Depths:1)
  3 ironbound thunderhulks
  14 green draconians
  10 deep elf demonologists
  9 black draconians
  Azrael (Spider:1)
  11 deep elf death magi
  A lorocyproca (WizLab)
  15 purple draconians
  4 war gargoyles
  10 deep elf annihilators
  7 red draconians
  13 white draconians
  8 yellow draconians
  7 spark wasps
  A minotaur (Lair:2)
  4 blizzard demons
  4 green deaths
  4 merfolk javelineers
  13 merfolk impalers
  A fire dragon (shapeshifter) (Depths:2)
  16 ettins
  Josephine (Orc:1)
  2 crystal guardians
  5 entropy weavers
  7 rakshasas
  7 deep elf high priests
  6 fire dragons
  30 vault guards
  10 yaktaur captains
  10 hydras
  11 great orbs of eyes
  8 ice dragons
  16 spriggan air magi
  An anaconda (shapeshifter) (Depths:2)
  3 juggernaut simulacra (Depths:2)
  8 merfolk avatars
  5 boulder beetles
  2 jorogumos
  8 ogre magi
  2 radroaches
  5 ironbound frosthearts
  3 peacekeepers
  2 catoblepae
  2 alligator snapping turtles
  A death knight (D:14)
  5 deep troll shamans (Depths:1)
  12 centaur warriors
  Erica (D:8)
  36 dancing weapons
  3 merfolk aquamancers
  14 two-headed ogres
  2 salamander tyrants (Depths:2)
  5 satyrs
  A boulder beetle (shapeshifter) (Depths:2)
  8 deep troll earth magi
  A two-headed ogre (shapeshifter) (D:15)
  10 demonic crawlers
  4 spriggan berserkers
  6 tengu warriors
  2 occultists (Depths:1)
  3 hell hogs
  2 vampire magi
  Sonja (D:12)
  17 hell knights
  9 deep elf knights
  5 orc high priests
  3 soul eaters
  A sixfirhy (Zot:1)
  2 skysharks
  12 sun demons
  3 shadow wraiths
  7 pharaoh ants
  A shadow demon (Depths:3)
  2 fire crabs
  16 sea snakes
  49 deep trolls
  2 iron trolls (Depths:1)
  18 deep elf archers
  5 glowing orange brains
  5 orb spiders
  A flayed ghost (Depths:3)
  An orb spider (shapeshifter) (Depths:2)
  3 sun moths
  6 arcanists
  18 ironbound convokers
  A shock serpent (shapeshifter) (Vaults:5)
  11 lindwurms
  A lindwurm (shapeshifter) (Vaults:4)
  A sea snake (shapeshifter) (Vaults:5)
  25 deep elf zephyrmancers
  10 large abominations
  6 phantasmal warriors
  24 deep elf pyromancers
  5 steelbarb worms
  26 harpies
  A harpy (shapeshifter) (D:14)
  18 orc knights
  An eye of devastation (shapeshifter) (Vaults:5)
  27 ugly things
  2 salamanders (Volcano)
  9 necromancers
  A sphinx simulacrum (Vaults:2)
  12 wolf spiders
  16 manticores
  16 fauns
  8 orc sorcerers
  6 cyclopes
  A stone giant skeleton (Vaults:3)
  2 stone giant zombies
  25 moths of wrath
  2 human zombies
  2 kobold blastminers (Orc:2)
  A fire giant skeleton (Vaults:1)
  8 elephants
  Maurice (Orc:2)
  11 merfolk sirens
  A meliai (shapeshifter) (D:13)
  2 guardian serpents (D:15)
  8 meliai
  17 vault sentinels
  6 water nymphs
  2 ice statues (IceCv)
  5 smoke demons
  5 black mambas
  9 torpor snails
  7 cane toads (Lair:5)
  7 rime drakes
  2 tormentors (WizLab)
  4 orange demons
  2 molten gargoyles (Lair:5)
  13 komodo dragons
  2 hellions
  A yaktaur zombie (Vaults:1)
  An ice devil (Depths:3)
  A yaktaur skeleton (Vaults:2)
  25 yaktaurs
  4 freezing wraiths
  2 red devils
  6 tengu conjurers
  A troll (shapeshifter) (Elf:1)
  6 trolls
  2 polar bears (Lair:2)
  9 hornets
  38 merfolk
  23 jumping spiders
  17 tarantellas
  8 wind drakes
  17 blink frogs
  12 dream sheep
  2 dream sheep (shapeshifter)
  A raiju (shapeshifter) (Vaults:1)
  A stone giant simulacrum (Vaults:1)
  2 ettin zombies
  5 snapping turtles
  43 slime creatures
  2 air elementals (Elf:2)
  A culicivora (shapeshifter) (Depths:2)
  6 spriggans
  A slime creature (shapeshifter) (Depths:2)
  7 wraiths
  15 culicivoras
  8 wyverns
  16 water elementals
  3 shadows
  34 yaks
  3 ynoxinuls
  4 fire elementals (Spider:1)
  2 golden eyes (shapeshifter)
  A fire bat (Volcano)
  50 redbacks
  7 wargs
  Eustachio (D:6)
  10 basilisks
  An elf skeleton (Vaults:2)
  3 chaos spawn
  A neqoxec (Zot:5)
  8 vampire mosquitoes
  4 steam dragons
  An acid dragon (shapeshifter) (D:15)
  3 acid dragons
  7 hell hounds
  14 water moccasins
  2 ice beasts (D:5)
  37 orc warriors
  2 sky beasts
  2 black bears
  2 laughing skulls (D:14)
  A black bear (shapeshifter) (Vaults:5)
  11 ogres
  5 boggarts (Vaults:1)
  12 wolves
  11 centaurs
  A crocodile (shapeshifter) (Elf:2)
  2 phantoms
  An elf zombie (D:6)
  19 bullfrogs
  2 gnoll sergeants (D:8)
  A scorpion (D:5)
  6 wights
  2 lindwurm simulacra (IceCv)
  5 killer bees
  An electric eel (D:14)
  5 howler monkeys
  2 bombardier beetles
  2 hounds
  7 komodo dragon simulacra (IceCv)
  3 lava snakes (Lair:5)
  2 jellies
  28 orc priests
  3 sleepcaps
  2 gnoll boudas
  3 iguanas
  6 human skeletons
  45 orc wizards
  8 mummies (Ossuary)
  10 adders
  9 gnolls
  7 acid dragon simulacra (IceCv)
  An ufetubus (D:6)
  5 steam dragon simulacra (IceCv)
  4 dart slugs
  2 ribbon worms (D:2)
  70 orcs
  5 ball pythons
  5 endoplasms
  3 giant cockroaches
  5 goblins
  4 hobgoblins
  5 jackals (D:1)
  10 kobolds
  2 quokkas
  5 bats
  3 frilled lizards
  A gnoll zombie (Ossuary)
  2 hobgoblin zombies (Ossuary)
  4 kobold zombies (Ossuary)
  3 orc skeletons
  An orc zombie (Ossuary)
  9 rats
  An aspiring flesh (Zot:2)
  34 tentacles
2208 creatures vanquished.

Vanquished Creatures (collateral kills)
  Bai Suzhen (Spider:4)
  4 tentacled monstrosities (Zot:3)
  An ironbound preserver (Vaults:1)
  An ettin (Zot:2)
  A dancing weapon (Elf:2)
  A demonic crawler (Spider:4)
  A hell knight (Vaults:4)
  2 sun demons (WizLab)
  An orb spider (Spider:4)
  A steelbarb worm (Spider:3)
  A deep elf zephyrmancer (Elf:2)
  A faun (Shoals:1)
  2 ugly things
  A gargoyle (D:9)
  A cane toad (Lair:5)
  A molten gargoyle (Lair:5)
  2 dream sheep (Lair:5)
  2 blink frogs
  5 slime creatures
  2 wyverns
  A redback (Spider:3)
  A bullfrog (Lair:2)
  4 orc priests (Orc:2)
  An orc wizard (Orc:2)
  A gnoll (D:10)
  2 orcs
42 creatures vanquished.

Vanquished Creatures (others)
  A yellow draconian (Zot:2)
  A merfolk impaler (Shoals:4)
  A shadow demon (WizLab)
  A harpy (Shoals:1)
  A komodo dragon (D:12)
  A water elemental (Elf:3)
  150 tentacles
156 creatures vanquished.

Grand Total: 2406 creatures vanquished

Notes
Turn   | Place    | Note
-------+----------+-------------------------------------------
     0 | D:1      | sekai the Draconian Berserker began the quest for the Orb.
     0 | D:1      | Reached XP level 1. HP: 19/19 MP: 1/1
   105 | D:1      | Reached XP level 2. HP: 20/26 MP: 2/2
   334 | D:1      | Reached ** piety under Trog
   460 | D:1      | Reached skill level 4 in Fighting
   591 | D:1      | Reached XP level 3. HP: 33/33 MP: 3/3
   928 | D:2      | Found a glowing golden altar of the Shining One.
  1753 | D:2      | Identified 3 scrolls of acquirement
  1753 | D:2      | Acquired the +0 pair of gloves "Bixec" {rF+ Regen+}
  1760 | D:2      | Acquired the +2 ratskin cloak {*Rats rPois rN+ Str-1 Int-1
                  | Dex+1}
  1760 | D:2      | Found the +2 ratskin cloak {*Rats rPois rN+ Str-1 Int-1
                  | Dex+1}
  1762 | D:2      | Acquired the ring of Paat {Ice rN+ Str+5 Stlth+}
  1867 | D:3      | Reached XP level 4. HP: 41/41 MP: 4/4
  2477 | D:4      | Noticed an ogre
  2661 | D:4      | Killed an ogre
  2662 | D:4      | Reached skill level 5 in Fighting
  2662 | D:4      | Reached XP level 5. HP: 48/48 MP: 5/5
  2711 | D:4      | Reached skill level 5 in Unarmed Combat
  2757 | D:4      | Reached *** piety under Trog
  2758 | D:4      | Reached XP level 6. HP: 50/57 MP: 6/6
  2785 | D:4      | Found a glowing silver altar of Zin.
  2860 | D:4      | Reached skill level 6 in Fighting
  2970 | D:4      | Found a broken altar of Ashenzari.
  3087 | D:5      | Entered Level 5 of the Dungeon
  3137 | D:5      | Identified the ring of No Interval {rCorr Str+4}
  3203 | D:5      | Noticed an orc warrior
  3215 | D:5      | Killed an orc warrior
  3295 | D:5      | Your scales start taking on a fiery red colour.
  3295 | D:5      | Reached XP level 7. HP: 53/64 MP: 7/7
  3295 | D:5      | Gained mutation: Your flesh is heat resistant. (rF+) [Red
                  | Draconian growth]
  3360 | D:5      | Reached skill level 7 in Fighting
  4078 | D:6      | Reached XP level 8. HP: 74/74 MP: 8/8
  4115 | D:6      | Reached skill level 8 in Fighting
  4245 | D:6      | Noticed Eustachio
  4249 | D:6      | Killed Eustachio
  4300 | D:6      | Found a sand-covered staircase.
  4332 | Ossuary  | Entered an ossuary
  4411 | Ossuary  | Reached **** piety under Trog
  4596 | D:6      | Reached skill level 9 in Fighting
  4601 | D:6      | Reached XP level 9. HP: 64/83 MP: 9/9
  4674 | D:6      | Reached skill level 5 in Dodging
  4840 | D:6      | Found a staircase to the Ecumenical Temple.
  5004 | D:7      | Found a bloodstained altar of Trog.
  5270 | D:7      | Noticed a manticore
  5270 | D:7      | Noticed a troll
  5289 | D:7      | Killed a troll
  5290 | D:7      | Reached skill level 10 in Fighting
  5296 | D:7      | Killed a manticore
  5346 | D:7      | Noticed a troll
  5357 | D:7      | Killed a troll
  5358 | D:7      | Reached XP level 10. HP: 57/94 MP: 10/10
  6156 | D:8      | Found a staircase to the Lair.
  6169 | D:8      | Reached skill level 1 in Shields
  6193 | D:8      | Reached skill level 10 in Unarmed Combat
  6231 | D:8      | Reached skill level 11 in Fighting
  6572 | D:8      | Found a white marble altar of Elyvilon.
  6575 | D:8      | Found a blossoming altar of Fedhas.
  6578 | D:8      | Found an ornate altar of the Wu Jian Council.
  6620 | D:8      | Found an iron altar of Okawaru.
  6636 | D:8      | Noticed Erica
  6648 | D:8      | Killed Erica
  7169 | D:9      | Reached ***** piety under Trog
  7525 | D:9      | Reached XP level 11. HP: 99/104 MP: 11/11
  7828 | D:10     | Entered Level 10 of the Dungeon
  7963 | D:10     | Found Toepe's Antique Weapon Emporium.
  7979 | D:10     | You fall into a shaft and drop 1 floor!
  8039 | D:10     | Found Tesyext's Assorted Antiques.
  8042 | D:10     | Bought a crude carnelian ring for 95 gold pieces
  8042 | D:10     | Identified the ring "Diczurri" {rElec rC- Int+5 Slay+3
                  | SInv} (You bought it in a shop on level 10 of the Dungeon)
  8042 | D:10     | Bought a scroll of blinking for 142 gold pieces
  8044 | D:10     | Bought a cyan potion for 17 gold pieces
  8044 | D:10     | Bought a blue potion for 17 gold pieces
  8044 | D:10     | Bought a cyan potion for 17 gold pieces
  8044 | D:10     | Bought a scroll of identify for 38 gold pieces
  8095 | D:10     | Noticed a red ugly thing
  8096 | D:10     | Found a transporter.
  8122 | D:10     | Found a transporter.
  8128 | D:10     | Noticed a boulder beetle
  8131 | D:10     | Found a hide-covered altar of Uskayaw.
  8319 | D:10     | Found Xiabyg's Assorted Antiques.
  8722 | D:10     | Reached skill level 12 in Fighting
  8726 | D:10     | Killed a red ugly thing
  8727 | D:10     | Reached skill level 5 in Shields
  8731 | D:10     | Killed a boulder beetle
  8869 | D:11     | Received a gift from Trog
  9098 | D:11     | Identified the +5 hand axe of Lun Ohuk {drain, Will+}
  9511 | D:12     | Found Ykarchuff's Armour Boutique.
  9511 | D:12     | Found a staircase to the Orcish Mines.
  9512 | D:12     | Found Vutig's Weapon Boutique.
  9515 | D:12     | Noticed Sonja
  9518 | D:12     | Noticed a tengu warrior
  9520 | D:12     | Noticed a tengu warrior
  9527 | D:12     | Noticed a boulder beetle
  9785 | D:12     | Noticed a deep elf pyromancer
  9815 | D:12     | Killed a deep elf pyromancer
  9908 | D:12     | Killed a boulder beetle
 10085 | D:12     | Reached XP level 12. HP: 103/113 MP: 12/12
 10260 | D:12     | Killed a tengu warrior
 10261 | D:12     | Reached skill level 13 in Fighting
 10261 | D:12     | Killed a tengu warrior
 10274 | D:12     | Killed Sonja
 10999 | Lair:1   | Entered Level 1 of the Lair of Beasts
 11233 | Lair:1   | Reached skill level 10 in Dodging
 11392 | Lair:1   | Found a frozen archway.
 11399 | IceCv    | Entered an ice cave
 11588 | IceCv    | Noticed an ice dragon
 11615 | IceCv    | Killed an ice dragon
 11784 | IceCv    | Identified the +7 scimitar "Fasat" {flame, Dex+2} (Trog
                  | gifted it to you in an ice cave)
 11784 | IceCv    | Received a gift from Trog
 12293 | Lair:2   | Reached XP level 13. HP: 123/123 MP: 13/13
 12376 | Lair:2   | Found a hole to the Spider Nest.
 12389 | Lair:2   | Reached skill level 14 in Fighting
 12482 | Lair:2   | Reached skill level 1 in Shapeshifting
 12915 | Lair:2   | Found a runed translucent door.
 13031 | Lair:2   | Noticed a minotaur
 13040 | Lair:2   | Killed a minotaur
 13170 | Lair:3   | Found a staircase to the Shoals.
 14165 | Lair:4   | Found a viscous altar of Jiyva.
 14169 | Lair:4   | Found a staircase to the Slime Pits.
 14312 | Lair:4   | Found a snail-covered altar of Cheibriados.
 14921 | Lair:5   | Entered Level 5 of the Lair of Beasts
 14949 | Lair:5   | Found a dark tunnel.
 14965 | Volcano  | Entered a volcano
 15074 | Volcano  | Received a gift from Trog
 15377 | Lair:5   | Reached XP level 14. HP: 122/133 MP: 14/14
 15436 | Lair:5   | Reached skill level 5 in Shapeshifting
 15569 | Lair:5   | Reached skill level 15 in Fighting
 15576 | Lair:5   | Reached skill level 10 in Shields
 15960 | Lair:5   | Found a large runed translucent door.
 15966 | Lair:5   | Found a large runed translucent door.
 17365 | D:13     | Found a gate to the Vaults.
 18657 | D:15     | Entered Level 15 of the Dungeon
 18724 | D:15     | Reached XP level 15. HP: 143/143 MP: 15/15
 18994 | D:15     | Paralysed by an ogre mage for 2 turns
 19007 | D:15     | Reached skill level 16 in Fighting
 19586 | D:15     | Found a staircase to the Depths.
 19720 | Orc:1    | Entered Level 1 of the Orcish Mines
 19936 | Orc:1    | Reached ****** piety under Trog
 19973 | Orc:1    | Found Nohaph's Distillery.
 20051 | Orc:1    | Received a gift from Trog
 20075 | Orc:1    | Bought a potion of might for 68 gold pieces
 20320 | Orc:2    | Entered Level 2 of the Orcish Mines
 20320 | Orc:2    | Noticed Josephine
 20333 | Orc:1    | Killed Josephine
 20343 | Orc:1    | Reached skill level 15 in Unarmed Combat
 20566 | Orc:2    | Found a staircase to the Elven Halls.
 20590 | Orc:2    | Noticed bochi's ghost (adept OnBe)
 20620 | Orc:2    | Found a runed translucent gate.
 20620 | Orc:2    | Found a runed translucent gate.
 20620 | Orc:2    | Found a runed translucent gate.
 20655 | Orc:2    | Noticed Maurice
 20868 | Orc:2    | Received a gift from Trog
 20876 | Orc:2    | Reached skill level 10 in Shapeshifting
 20898 | Orc:2    | Killed Maurice
 20917 | Orc:2    | Paralysed by an orc sorcerer for 2 turns
 21275 | Orc:2    | Found Nobon's Magic Scroll Shoppe.
 21275 | Orc:2    | Found Jyith's Distillery.
 21276 | Orc:2    | Found Cobau's Weapon Emporium.
 21280 | Orc:2    | Found Midwag Amax's Magic Scroll Shoppe.
 21286 | Orc:2    | Bought 2 potions of mutation for 240 gold pieces
 21286 | Orc:2    | Bought a potion of invisibility for 120 gold pieces
 21286 | Orc:2    | Bought a potion of heal wounds for 75 gold pieces
 21287 | Orc:2    | Bought a scroll of enchant armour for 97 gold pieces
 21288 | Orc:2    | Bought a scroll of blinking for 97 gold pieces
 21288 | Orc:2    | Bought a scroll of revelation for 97 gold pieces
 21288 | Orc:2    | Bought a scroll of teleportation for 39 gold pieces
 21288 | Orc:2    | Bought a scroll of teleportation for 39 gold pieces
 21395 | Orc:2    | Bought a scroll of identify for 26 gold pieces
 21395 | Orc:2    | Bought a scroll of identify for 26 gold pieces
 21677 | Spider:1 | Entered Level 1 of the Spider Nest
 22153 | Spider:1 | Noticed Azrael
 22173 | Spider:1 | Killed Azrael
 22307 | Spider:1 | Noticed Mlioglotl
 22316 | Spider:1 | Killed Mlioglotl
 22317 | Spider:1 | Reached XP level 16. HP: 152/152 MP: 16/16
 22372 | Spider:1 | Found a transporter.
 22372 | Spider:1 | Found a transporter.
 22409 | Spider:1 | Received a gift from Trog
 22859 | Spider:2 | Identified the serpent talisman "Tenej" {rCorr}
 22859 | Spider:2 | Noticed Aizul
 23061 | Spider:2 | Killed Aizul
 23179 | Spider:2 | HP: 9/277 [broodmother (21)]
 23181 | Spider:2 | Reached skill level 17 in Fighting
 23365 | Spider:1 | HP: 4/155 [jumping spider (8)]
 23629 | Spider:2 | Paralysed by a jorogumo for 2 turns
 23910 | Spider:2 | Identified the +0 robe of the Eternal Fruit {Rampage rN+
                  | rCorr Stlth+}
 23935 | Spider:3 | Noticed Jorgrun
 23946 | Spider:3 | Killed Jorgrun
 23993 | Spider:3 | Identified the +8 great sword of the Hungering Gods {venom,
                  | rPois rF+}
 24007 | Spider:3 | Received a gift from Trog
 24547 | Spider:4 | Entered Level 4 of the Spider Nest
 24800 | Spider:4 | Noticed Donald
 25113 | Spider:4 | Killed Donald
 25344 | Spider:3 | Received a gift from Trog
 25350 | Spider:3 | Reached XP level 17. HP: 153/163 MP: 17/17
 25546 | Spider:4 | Noticed Bai Suzhen
 25644 | Spider:4 | Killed Bai Suzhen
 25695 | Spider:4 | Reached skill level 18 in Fighting
 26025 | Spider:4 | Got a gossamer rune of Zot
 26244 | Shoals:1 | Entered Level 1 of the Shoals
 27015 | Shoals:1 | Noticed a kraken
 27036 | Shoals:1 | Killed a kraken
 27036 | Shoals:1 | Received a gift from Trog
 27426 | Shoals:2 | Noticed a kraken
 27437 | Shoals:2 | Killed a kraken
 27510 | Shoals:2 | Noticed Frances
 27516 | Shoals:2 | Killed Frances
 27606 | Shoals:2 | HP: 5/193 [alligator snapping turtle (14)]
 27741 | Shoals:2 | Reached skill level 15 in Shapeshifting
 28336 | Shoals:3 | Received a gift from Trog
 28443 | Shoals:3 | Reached XP level 18. HP: 174/174 MP: 18/18
 29060 | Shoals:4 | Entered Level 4 of the Shoals
 29126 | Shoals:4 | Reached skill level 19 in Fighting
 29938 | Shoals:4 | Identified the +2 robe of the Buccaneer {rF+ rC+ Str+3
                  | Int+3}
 29964 | Shoals:4 | Received a gift from Trog
 30233 | Shoals:4 | Identified the +2 buckler of the Gravedigger {Harm *Corrode
                  | rPois rC++}
 30263 | Shoals:4 | Identified the +4 short sword of Mourning {spect, *Rage rF+
                  | rC+ Dex+3}
 30446 | Shoals:4 | Got a barnacled rune of Zot
 30483 | Shoals:4 | Identified the +0 pair of boots of an ice cave {rN++}
 31026 | Elf:1    | Entered Level 1 of the Elven Halls
 31078 | Elf:1    | Received a gift from Trog
 31211 | Elf:1    | Reached skill level 20 in Fighting
 31385 | Elf:1    | Noticed Kirke
 31390 | Elf:1    | Killed Kirke
 31401 | Elf:1    | Found Haez's Assorted Antiques.
 31409 | Elf:1    | Bought a scroll of teleportation for 66 gold pieces
 31878 | Elf:2    | Paralysed by an air elemental for 1 turns
 31999 | Elf:1    | Reached skill level 1 in Evocations
 32159 | Elf:2    | Reached XP level 19. HP: 185/185 MP: 19/19
 32257 | Elf:2    | Paralysed by an air elemental for 1 turns
 32504 | Elf:2    | Found a runed translucent gate.
 32504 | Elf:2    | Found a runed translucent gate.
 32504 | Elf:2    | Found a runed translucent gate.
 32537 | Elf:2    | Received a gift from Trog
 32785 | Elf:2    | Identified the blade talisman of Hubris {rPois Dex+3 SInv}
 33136 | Elf:3    | Entered Level 3 of the Elven Halls
 33230 | Elf:3    | Received a gift from Trog
 33630 | Elf:3    | Found a huge runed translucent gate.
 33631 | Elf:3    | Found a huge runed translucent gate.
 33631 | Elf:3    | Found a huge runed translucent gate.
 33631 | Elf:3    | Found a huge runed translucent gate.
 33631 | Elf:3    | Found a huge runed translucent gate.
 33631 | Elf:3    | Found a huge runed translucent gate.
 33637 | Elf:3    | Found a huge runed translucent gate.
 33637 | Elf:3    | Found a huge runed translucent gate.
 33639 | Elf:3    | Found a huge runed translucent gate.
 33640 | Elf:3    | Found a huge runed translucent gate.
 33640 | Elf:3    | Found a huge runed translucent gate.
 33641 | Elf:3    | Found a huge runed translucent gate.
 33641 | Elf:3    | Found a huge runed translucent gate.
 33642 | Elf:3    | Found a huge runed translucent gate.
 33642 | Elf:3    | Found a huge runed translucent gate.
 33863 | Elf:3    | Noticed a Tzitzimitl
 34046 | Elf:3    | Reached skill level 5 in Evocations
 34367 | Elf:3    | Identified the ring "Ishreheja" {rCorr MP+9 Str+4}
 34449 | Elf:3    | Identified the ring "Sutzum" {Fly rF++ rCorr MP+9 Dex-2}
 34596 | Elf:3    | Identified the +0 buckler "Tocs" {rC+ Int+3}
 34598 | Elf:3    | Noticed a Tzitzimitl
 34603 | Elf:3    | Received a gift from Trog
 34608 | Elf:3    | Identified the +3 dagger "Eskoken" {venom, +Blink rCorr}
 34661 | Elf:3    | Identified the ring of Twilight {Wiz Int+3 Slay+3}
 34668 | Elf:3    | Found the +2 hat of the Bear Spirit {Spirit, Bear, *Rage
                  | Will++}
 34727 | Elf:3    | Identified the +1 pair of boots "Egol" {rCorr}
 34926 | Elf:3    | Reached skill level 21 in Fighting
 35185 | Vaults:1 | Entered Level 1 of the Vaults
 35248 | Vaults:1 | Reached XP level 20. HP: 198/198 MP: 20/20
 35482 | Vaults:1 | Found a magical portal.
 35487 | WizLab   | Entered Doroklohe's Tomb
 36383 | Vaults:1 | Received a gift from Trog
 36842 | Vaults:1 | Found Gugim's Book Emporium.
 37549 | Vaults:2 | Received a gift from Trog
 37703 | Vaults:2 | Found Veifi's Distillery.
 37706 | Vaults:2 | Bought a potion of resistance for 140 gold pieces
 37821 | Vaults:2 | Bought a potion of cancellation for 112 gold pieces
 38115 | Vaults:2 | Found a staircase to the Crypt.
 38115 | Vaults:2 | Found a basalt altar of Yredelemnul.
 38116 | Vaults:2 | Found an ancient bone altar of Kikubaaqudgha.
 38317 | Vaults:3 | Received a gift from Trog
 38559 | Vaults:3 | Reached XP level 21. HP: 206/206 MP: 21/21
 38962 | Vaults:3 | Reached skill level 15 in Dodging
 38977 | Vaults:3 | Received a gift from Trog
 39295 | Vaults:4 | Identified the +10 broad axe "Quloog" {freeze, rElec rPois
                  | rC-}
 39343 | Vaults:4 | Reached skill level 22 in Fighting
 39519 | Vaults:4 | Noticed Margery
 39546 | Vaults:4 | Killed Margery
 39629 | Vaults:4 | Noticed Saint Roka
 39644 | Vaults:4 | Killed Saint Roka
 39766 | Vaults:4 | Found Eqosulu's Magic Scroll Shoppe.
 39779 | Vaults:4 | Bought a scroll of blinking for 90 gold pieces
 39779 | Vaults:4 | Bought a scroll of silence for 114 gold pieces
 39779 | Vaults:4 | Bought a scroll of teleportation for 36 gold pieces
 39779 | Vaults:4 | Bought a scroll of enchant armour for 90 gold pieces
 39865 | Vaults:4 | Received a gift from Trog
 40120 | Vaults:4 | Found Kinelecro's Armour Shoppe.
 40254 | Vaults:4 | Found Vegarroa's General Store.
 40257 | Vaults:4 | Bought a phantom mirror for 720 gold pieces
 40257 | Vaults:4 | Bought a potion of heal wounds for 90 gold pieces
 40257 | Vaults:4 | Bought a scroll of fog for 72 gold pieces
 40272 | Vaults:4 | Found Kymilean's Antique Weapon Shoppe.
 40370 | Vaults:4 | Found Mickul's Antique Weapon Shop.
 40427 | Vaults:4 | Received a gift from Trog
 40522 | Vaults:4 | Found Onlif's Antique Weapon Emporium.
 40728 | Vaults:4 | Reached skill level 10 in Evocations
 40809 | Vaults:5 | Entered Level 5 of the Vaults
 40971 | Vaults:4 | Reached XP level 22. HP: 217/217 MP: 22/22
 41133 | Vaults:5 | Noticed a dread lich
 41155 | Vaults:5 | Killed a dread lich
 41334 | Vaults:5 | Received a gift from Trog
 41375 | Vaults:5 | Identified the +6 shortbow of Dissolution {heavy, rF+ Will+
                  | SInv}
 41452 | Vaults:5 | Got a silver rune of Zot
 41591 | Vaults:5 | Noticed a dread lich
 41606 | Vaults:5 | Killed a dread lich
 41657 | Vaults:5 | Reached skill level 23 in Fighting
 41847 | Vaults:5 | Found the +0 mask of the Dragon {Will+ Slay+3 SInv}
 41859 | Vaults:5 | Identified the +3 short sword "Qait Yxy" {freeze, ^Fragile
                  | rF+ rC+ Str+2}
 42000 | Vaults:5 | Found Nuedyi's Antique Weapon Shoppe.
 42150 | Vaults:5 | Received a gift from Trog
 42263 | Vaults:5 | Identified the ring of Dishonesty {rElec rPois MP+9 Dex-2
                  | Slay-4}
 42843 | Depths:1 | Entered Level 1 of the Depths
 42858 | Depths:1 | Found a one-way gateway to a ziggurat.
 42978 | Depths:1 | Found a glowing golden altar of the Shining One.
 43070 | Depths:1 | Reached XP level 23. HP: 227/227 MP: 23/23
 43218 | Depths:1 | Noticed an ancient lich
 43279 | Depths:1 | Found a gateway to Hell.
 43414 | Depths:1 | Killed an ancient lich
 43731 | Depths:2 | Received a gift from Trog
 43760 | Depths:2 | Identified the staff of Spite {rF+ MP+9 Str-3 Int+2 Necro
                  | Tloc Fire}
 43999 | Depths:2 | Identified the staff of Bespelled Exoneration {rC+ rN+ Ice
                  | Alchemy}
 44019 | Depths:2 | Found a one-way gate leading to the halls of Pandemonium.
 44086 | Depths:2 | Found a one-way gate to the infinite horrors of the Abyss.
 44150 | Depths:2 | Received a gift from Trog
 44247 | Depths:2 | Noticed a dread lich
 44283 | Depths:2 | Killed a dread lich
 44839 | Depths:3 | You are sucked into a shaft and drop 1 floor!
 44839 | Depths:4 | Entered Level 4 of the Depths
 44953 | Depths:4 | Found a portal to a secret trove of treasure.
 45209 | Depths:3 | Received a gift from Trog
 45268 | Depths:3 | Found an ornate altar of the Wu Jian Council.
 45843 | Depths:4 | Found a broken altar of Ashenzari.
 45905 | Depths:4 | Found a gate to the Realm of Zot.
 45914 | Depths:4 | Reached XP level 24. HP: 237/237 MP: 23/23
 46724 | Zot:1    | Entered Level 1 of the Realm of Zot
 46931 | Zot:1    | Reached skill level 24 in Fighting
 47266 | Zot:1    | Received a gift from Trog
 47563 | Zot:2    | Noticed a Killer Klown
 47613 | Zot:2    | Killed a Killer Klown
 47789 | Zot:2    | You are sucked into a shaft and drop 2 floors!
 47985 | Zot:3    | HP: 14/309 [constriction (4)]
 48010 | Zot:2    | Found a transporter.
 48142 | Zot:2    | Found a transporter.
 48627 | Zot:3    | Received a gift from Trog
 49208 | Zot:3    | Reached XP level 25. HP: 247/247 MP: 23/23
 50108 | Zot:5    | Entered Level 5 of the Realm of Zot
 50255 | Zot:5    | Received a gift from Trog
 50664 | Zot:5    | Noticed an ancient lich
 50673 | Zot:5    | Noticed an orb of fire
 50674 | Zot:5    | Noticed an orb of fire
 50676 | Zot:5    | Killed an ancient lich
 50676 | Zot:5    | Noticed an ancient lich
 50676 | Zot:5    | Noticed a dread lich
 50677 | Zot:5    | Noticed an orb of fire
 50678 | Zot:5    | Noticed a Killer Klown
 50678 | Zot:5    | Noticed an orb of fire
 50679 | Zot:5    | Noticed an orb of fire
 50681 | Zot:5    | Noticed a Killer Klown
 50682 | Zot:5    | Noticed a dread lich
 50686 | Zot:5    | Killed an orb of fire
 50686 | Zot:5    | Noticed a Killer Klown
 50689 | Zot:5    | Noticed a Killer Klown
 50690 | Zot:5    | Noticed a Killer Klown
 50692 | Zot:5    | Gained mutation: Your body sometimes deteriorates upon
                  | taking damage. [an orb of fire]
 50694 | Zot:5    | Killed an orb of fire
 50695 | Zot:5    | Noticed an ancient lich
 50696 | Zot:5    | Noticed a dread lich
 50697 | Zot:5    | Gained mutation: Your body often deteriorates upon taking
                  | damage. [an orb of fire]
 50698 | Zot:5    | Gained mutation: You are vulnerable to cold. (rC-) [an orb
                  | of fire]
 50701 | Zot:5    | Gained mutation: You are very vulnerable to cold. (rC--)
                  | [an orb of fire]
 50703 | Zot:5    | Gained mutation: Your spells are a little easier to cast,
                  | but a little less powerful. [an orb of fire]
 50705 | Zot:5    | Gained mutation: You are weak. (Str -2) [an orb of fire]
 50705 | Zot:5    | Gained mutation: You sometimes lose your temper in combat.
                  | [an orb of fire]
 50767 | Zot:4    | Lost mutation: You are very vulnerable to cold. (rC--)
                  | [potion of mutation]
 50767 | Zot:4    | Lost mutation: Your spells are a little easier to cast, but
                  | a little less powerful. [potion of mutation]
 50767 | Zot:4    | Lost mutation: You are vulnerable to cold. (rC-) [potion of
                  | mutation]
 50767 | Zot:4    | Gained mutation: You have a pair of small antennae on your
                  | head. [potion of mutation]
 50767 | Zot:4    | Lost mutation: You are weak. (Str -2) [potion of mutation]
 50809 | Zot:5    | Killed a dread lich
 50814 | Zot:5    | Gained mutation: You have an uncontrollable temper. [an orb
                  | of fire]
 50818 | Zot:5    | Gained mutation: You occasionally lose the ability to read
                  | scrolls when taking damage. [an orb of fire]
 50822 | Zot:5    | Killed an orb of fire
 50832 | Zot:5    | Killed an ancient lich
 50840 | Zot:5    | Gained mutation: You are weak. (Str -2) [an orb of fire]
 50844 | Zot:5    | Killed an orb of fire
 50951 | Zot:4    | Lost mutation: You have a pair of small antennae on your
                  | head. [potion of mutation]
 50951 | Zot:4    | Lost mutation: You are weak. (Str -2) [potion of mutation]
 50951 | Zot:4    | Lost mutation: You have an uncontrollable temper. [potion
                  | of mutation]
 50951 | Zot:4    | Gained mutation: You are partially covered in large bone
                  | plates. (SH +4) [potion of mutation]
 50952 | Zot:4    | Lost mutation: You sometimes lose your temper in combat.
                  | [potion of mutation]
 50952 | Zot:4    | Lost mutation: Your body often deteriorates upon taking
                  | damage. [potion of mutation]
 50952 | Zot:4    | Lost mutation: You occasionally lose the ability to read
                  | scrolls when taking damage. [potion of mutation]
 50952 | Zot:4    | Gained mutation: Your body often deteriorates upon taking
                  | damage. [potion of mutation]
 50952 | Zot:4    | Gained mutation: You have hidden genetic defects. [potion
                  | of mutation]
 50953 | Zot:4    | Lost mutation: Your body often deteriorates upon taking
                  | damage. [potion of mutation]
 50953 | Zot:4    | Lost mutation: You have hidden genetic defects. [potion of
                  | mutation]
 50953 | Zot:4    | Lost mutation: You are partially covered in large bone
                  | plates. (SH +4) [potion of mutation]
 50953 | Zot:4    | Gained mutation: You possess an exceptional clarity of
                  | mind. [potion of mutation]
 50953 | Zot:4    | Gained mutation: Your body often deteriorates upon taking
                  | damage. [potion of mutation]
 50953 | Zot:4    | Gained mutation: You have a pair of small horns on your
                  | head. [potion of mutation]
 50953 | Zot:4    | Gained mutation: Your system is resistant to poisons.
                  | (rPois) [potion of mutation]
 50971 | Zot:5    | Killed a Killer Klown
 50977 | Zot:5    | Killed a Killer Klown
 50978 | Zot:5    | Reached skill level 25 in Fighting
 50986 | Zot:5    | Killed a dread lich
 51054 | Zot:5    | Gained mutation: Your magical capacity is low. (-10% MP)
                  | [an orb of fire]
 51057 | Zot:5    | Killed an orb of fire
 51058 | Zot:5    | Reached skill level 15 in Evocations
 51129 | Zot:5    | Killed a dread lich
 51131 | Zot:5    | Killed a Killer Klown
 51140 | Zot:5    | Killed a Killer Klown
 51373 | Zot:5    | Reached XP level 26. HP: 258/258 MP: 20/20
 51379 | Zot:5    | Received a gift from Trog
 51421 | Zot:5    | Killed an ancient lich
 51550 | Zot:5    | Got the Orb of Zot
 52005 | Depths:1 | Noticed Wianeun the pandemonium lord
 52013 | Depths:1 | Killed Wianeun the pandemonium lord
 52014 | Depths:1 | Reached skill level 15 in Shields
 52175 | D:12     | Received a gift from Trog
 52465 | D:$      | Escaped with the Orb!

Illustrated notes

Levels and vault maps discovered:
D:1:      psy_arrival_dodecagon, layout_rooms, serial_forest,
          infiniplex_forest_corner_1, infiniplex_forest_corner_2,
          infiniplex_forest_zigzag_2, infiniplex_forest_clump_cross,
          infiniplex_forest_clump_diagonal, infiniplex_forest_pool,
          infiniplex_forest_end_3, infiniplex_forest_end_2,
          infiniplex_forest_lined_room_2, infiniplex_forest_lined_2,
          st_stairs_10
D:2:      layout_loops_ring, basic_altar
D:3:      layout_loops_ring
D:4:      layout_rooms, kennysheep_little_box, mainiacjoe_overflow_boulevard,
          dreamdust_wishing_well, amcnicky_mini_rare_corridor_liquid
D:5:      layout_gridville, minmay_gold_behind_fungi, minmay_misc_feat_doors
D:6:      layout_rooms, minmay_temple_entry_antechambers,
          nicolae_ossuary_entry_catacombs, kennysheep_minor_cross,
          chequers_serial_rivers_micro_a, grunt_tough_drop, uniq_eustachio
D:7:      minmay_slanted_spiral_squares, layout_cave_pools,
          mainiacjoe_overflow_alcove_4
D:8:      minmay_razor_zed, layout_basic, grunt_temple_overflow_cloverleaf,
          david_lair_generic, uniq_erica
D:9:      layout_gridville, roderic_serpentine_path
D:10:     layout_basic, gammafunk_temple_overflow_arena, serial_shops,
          nicolae_shop_window_shopping, nicolae_shop_rolling_square, shop
D:11:     layout_rooms, roderic_roman_lattice, minivault_24
D:12:     layout_basic, orc_david_3, kennysheep_small_circle, uniq_sonja
D:13:     layout_irregular_city, erik_vaults_1
D:14:     layout_basic, minmay_misc_feat_roman
D:15:     gammafunk_enter_depths_forms, layout_loops_ring, minivault_26,
          nrook_guardian_serpent_double
Lair:1:   layout_loops_ring, portal_ice_cave_entry_pillars_2, minivault_11,
          lemuel_old_faithful
Lair:2:   dreamdust_labyrinth, layout_misc_corridors, dummy_spider_entry
Lair:3:   layout_cave_pods, minmay_shoals_entry_centaurs
Lair:4:   layout_roguey, slime_entry_1, basic_altar, serial_bayou_shore_a
Lair:5:   cheibrodos_lair_end_hotspot, layout_long_grid,
          nicolae_volcano_entry_hallway
Shoals:1: layout_shoals, argonaut_gorgonesque
Shoals:2: layout_shoals, uniq_frances
Shoals:3: layout_shoals
Shoals:4: shoals_end_grunt_ice, layout_shoals, nicolae_shoals_kraken_party
Spider:1: layout_chambers, nzn_ghost_randoct, uniq_mlioglotl, uniq_azrael
Spider:2: layout_spider_delve, hellmonk_deceptive_appearances, uniq_aizul
Spider:3: layout_spider_delve, uniq_jorgrun
Spider:4: hellmonk_spider_rune_bug_friends, uniq_bai_suzhen, uniq_donald
Orc:1:    layout_caves, serial_shops, nicolae_shop_industrial_runoff
Orc:2:    st_orc_mages, layout_caves, maelrawn_ghost_gauntlet_escape,
          uniq_josephine, uniq_maurice
Elf:1:    nicolae_elf_arrival_no_cutting_in_line, layout_loops_cross,
          serial_shops, nicolae_shop_tiny_waterfront, minmay_elf_sorcery,
          hangedman_glass_teeth, uniq_kirke
Elf:2:    nicolae_elf_blades_splatter_lattice [nicolae_blade_bullseye],
          layout_loops_ring
Elf:3:    minmay_elf_hall_statues, layout_geoelf_octagon, door_vault
Vaults:1: mu_enter_wizlab_2, nicolae_vaults_double_plus_1,
          ontoclasm_vaults_gateway, nicolae_vaults_octothorpe,
          grunt_vaults_trifunnel, ontoclasm_vaults_decontamination,
          grunt_vaults_hallway_long, nicolae_vaults_trapezoid_2,
          nicolae_vaults_octothorpe, nicolae_vaults_shipping_containers_6,
          ontoclasm_vaults_pinch, vaults_mumra_minichess_inversion, v_misc_32,
          ontoclasm_vaults_idyll, layout_vaults_omnibox, serial_shops,
          nicolae_square_shop
Vaults:2: nicolae_vaults_offset_grid_hallway_3, ontoclasm_vaults_shout,
          nicolae_vaults_tetromino_L_1, nicolae_vaults_little_squares_4,
          nicolae_vaults_network_periphery, nicolae_vaults_rhombus_7,
          minmay_crypt_entry_necro_gods, nicolae_vaults_trapezoid_2,
          vaults_dpeg_emergency_exit, layout_vaults_omnigrid, serial_shops,
          nicolae_shop_tiny_real_fake_doors
Vaults:3: nicolae_vaults_tetromino_Z_1, nicolae_vaults_sesquioval_fish,
          nicolae_vaults_trapezoid_4, nicolae_vaults_prndl, v_misc_22, v_misc_9,
          nicolae_vaults_double_plus_2, grunt_vaults_swirl,
          nicolae_vaults_circle_grid_a, vaults_mumra_hex,
          nicolae_vaults_variable_pillar_hall_cross, vaults_dpeg_diagonal,
          nicolae_vaults_house_1, nicolae_vaults_diamond_1,
          hangedman_vaults_locks, layout_vaults_ring
Vaults:4: v_misc_29, v_misc_16, nicolae_vaults_tangram_2,
          nicolae_vaults_network_quincunx
          [nicolae_vaults_network_quincunx_subvault,
          nicolae_vaults_network_quincunx_subvault,
          nicolae_vaults_network_quincunx_subvault,
          nicolae_vaults_network_quincunx_subvault,
          nicolae_vaults_network_quincunx_subvault], nicolae_vaults_minivaults,
          vaults_room_pools, ontoclasm_vaults_idyll,
          nicolae_vaults_taking_the_gang_shopping, hangedman_vaults_trim,
          ontoclasm_vaults_ring_square, nicolae_vaults_angled_halls,
          nicolae_vaults_angled_halls, v_misc_11, lightli_orcish_oven,
          nicolae_vaults_double_plus_1, vaults_dpeg_hooks,
          layout_vaults_omnicross, serial_shops,
          nicolae_shop_tiny_real_fake_doors, shop,
          nicolae_shop_pleasant_corner_grove, nicolae_shop_waterfront, shop,
          uniq_saint_roka, uniq_margery
Vaults:5
Depths:1: layout_cave_pools, enter_ziggurat_e, pf_vacation_house_of_asmodeus,
          special_room [special_room_magic_class], tso_metal_star,
          item_on_display_a
Depths:2: hangedman_crystal_crosses_colossus [crystal_crosses_arms_two,
          crystal_crosses_arms_one, crystal_crosses_arms_one], abyss_entry,
          hell_entry, pan_entry
Depths:3: minmay_angry_zag, layout_honeycomb, pf_hell_entry_tar_river,
          nzn_wu_jian_council_hall, hangedman_abyss_entry_splay
Depths:4: grunt_crosshair, layout_gridville, ashenzari_conservatory_becter,
          hell_entry, nicolae_trove_entry_crossroad, abyss_entry_crystal,
          water_maze_lemuel
Zot:1:    layout_gridlike, regret_index_zotdec_twisting_globes,
          grunt_megastairs_1
Zot:2:    gammafunk_sealed_arena, layout_misc_corridors,
          regret_index_zotdec_split_disrupt
Zot:3:    layout_concentric_octagons, hangedman_zot_gyre, hangedman_swamp_dais
Zot:4:    layout_gridlike, regret_index_zotdec_banners
Zot:5:    layout_gridlike, st_stairs_3

Skill      XL: |  1  2  3  4  5  6  7  8  9 10 11 12 13 14 15 16 17 18 19 20 21 22 23 24 25 26 |
---------------+-------------------------------------------------------------------------------+-----
Fighting       | 4 5 6 7 9 10 11 12 13 14 15 16 17 18 20 21 22 23 24 25 | 25.5
Unarmed Combat | 4 5 6 7 8 9 10 11 12 13 14 15 16 17 18 19 20 21 22 23 | 23.7
Dodging        | 3 4 6 7 9 10 11 12 13 14 15 16 17 18 19 | 19.1
Shields        | 4 6 8 9 10 11 13 14 15 | 15.1
Shapeshifting  | 4 8 10 13 15 16 17 18 19 20 21 | 21.0
Evocations     | 1 5 8 10 11 13 14 15 | 15.8

Action                     |  1- 3 |  4- 6 |  7- 9 | 10-12 | 13-15 | 16-18 | 19-21 | 22-24 | 25-27 || total
---------------------------+-------+-------+-------+-------+-------+-------+-------+-------+-------++-------
  Melee: Unarmed           |   241 |    88 |   291 |   735 |  1309 |  1424 |  1252 |  1241 |   526 ||  7107
         Tailslap          |    33 |    10 |    37 |   136 |   263 |   253 |   228 |   219 |    91 ||  1270
         Punch             |    12 |     2 |    23 |     6 |       |       |       |       |       ||    43
         Scimitar          |       |       |       |       |    50 |       |       |       |       ||    50
         Constrict         |       |       |       |       |       |     7 |       |       |       ||     7
         Headbutt          |       |       |       |       |       |       |       |       |    66 ||    66
  Throw: Dart              |       |       |       |     5 |     8 |       |       |       |       ||    13
 Invoke: Berserk           |       |     2 |     4 |     6 |    13 |    19 |     9 |     5 |     5 ||    63
         Brothers in Arms  |       |       |       |     2 |     4 |     1 |     4 |     2 |       ||    13
         Trog's Hand       |       |       |       |     1 |       |     5 |     8 |    10 |     2 ||    26
Ability: Combustion Breath |       |       |     1 |     6 |     3 |     2 |       |       |       ||    12
  Evoke: Wand              |       |       |       |       |       |       |       |       |     6 ||     6
    Use: Scroll            |     5 |       |     6 |    11 |    10 |    11 |     7 |    20 |     4 ||    74
         Potion            |       |       |       |     1 |     2 |     9 |     1 |     2 |     4 ||    19
   Stab: Sleeping          |     2 |     7 |     9 |     8 |     7 |     6 |     3 |     1 |       ||    43
         Distracted        |       |       |     1 |       |     4 |     3 |     1 |     1 |       ||    10
 Armour: Skin              |    67 |    44 |   192 |   396 |   881 |  1668 |  1438 |  1588 |   381 ||  6655
  Dodge: Dodged            |   101 |    31 |   133 |   341 |   787 |  1410 |  1032 |   935 |   210 ||  4980
  Block: Kite shield       |       |       |       |   255 |   904 |  1415 |  1102 |   262 |       ||  3938
         Reflection        |       |       |       |       |       |    89 |   115 |     1 |       ||   205
         Tower shield      |       |       |       |       |       |       |       |  1247 |   691 ||  1938
         Form:             |       |       |       |       |       |     2 |       |       |       ||     2
         Statue            |       |       |       |       |       |     2 |       |       |       ||     2
         Serpent           |       |       |       |       |       |     1 |       |       |       ||     1

Table legend: (Time is in decaauts)
 A = Elapsed time spent in this place.
 B = Non-inter-level travel time spent in this place.
 C = Inter-level travel time spent in this place.
 D = Time resting spent in this place.
 E = Time spent auto-exploring this place.
 F = Levels seen in this place.
 G = Mean time per level.
                   A        B        C        D        E       F      G
               +--------+--------+--------+--------+--------+-----+--------+
         Total |  64416 |  60078 |   4338 |   6169 |  31958 |  51 | 1263.1 |
       Dungeon |  14784 |  13247 |   1537 |    753 |   8702 |  15 |  985.6 |
          Lair |   5112 |   4568 |    544 |    167 |   3003 |   5 | 1022.4 |
        Shoals |   6626 |   6401 |    225 |    925 |   2937 |   4 | 1656.5 |
   Spider Nest |   4687 |   4578 |    109 |    999 |   1539 |   4 | 1171.8 |
  Orcish Mines |   2081 |   1844 |    237 |    136 |    828 |   2 | 1040.5 |
   Elven Halls |   5905 |   5401 |    504 |    988 |   2283 |   3 | 1968.3 |
        Vaults |   9985 |   9547 |    438 |    847 |   5732 |   5 | 1997.0 |
        Depths |   6032 |   5551 |    481 |    123 |   3176 |   4 | 1508.0 |
           Zot |   7357 |   7098 |    259 |   1065 |   3187 |   5 | 1471.4 |
       Ossuary |    226 |    226 |      0 |      0 |     91 |   1 |  226.0 |
      Ice Cave |    506 |    506 |      0 |     48 |    129 |   1 |  506.0 |
       Volcano |    377 |    377 |      0 |     21 |    228 |   1 |  377.0 |
        Wizlab |    734 |    734 |      0 |     93 |    117 |   1 |  734.0 |
               +--------+--------+--------+--------+--------+-----+--------+

Top non-repeatable levels by time:
Vaults:4: 2639 daAuts
   Elf:2: 2202 daAuts
Vaults:5: 2191 daAuts
   Elf:3: 2105 daAuts
Shoals:4: 2018 daAuts
   Zot:5: 1900 daAuts
Depths:3: 1827 daAuts
Vaults:2: 1768 daAuts
   Zot:4: 1737 daAuts
Vaults:1: 1710 daAuts
Shoals:3: 1690 daAuts
Vaults:3: 1674 daAuts
   Elf:1: 1596 daAuts
Depths:4: 1584 daAuts
Shoals:1: 1542 daAuts
